 Dungeon Crawl Stone Soup version 0.19.1 (webtiles) character file.

499 Maskull the Slasher (level 6, -1/47 HPs)
             Began as a Demonspawn Gladiator on Nov 29, 2016.
             Was an Initiate of Gozag.
             Slain by a gnoll sergeant
             ... wielding a +0 spear
              (5 damage)
             ... on level 6 of the Dungeon.
             The game lasted 00:10:44 (2939 turns).

Maskull the Slasher (Demonspawn Gladiator)          Turns: 2939, Time: 00:10:45

Health: -1/47      AC: 11    Str: 17    XL:     6   Next: 94%
Magic:  6/6        EV: 12    Int:  9    God:    Gozag
Gold:   289        SH:  3    Dex: 14    Spells: 0 memorised, 5 levels left

rFire  . . .     SeeInvis +     a - +3 long sword
rCold  . . .     Gourm    .     b - +0 leather armour
rNeg   . . .     Faith    .     g - +0 buckler
rPois  .         Spirit   .     c - +0 helmet
rElec  .         Reflect  .     j - +0 cloak
rCorr  .         Harm     .     (no gloves)
MR     .....                    (no boots)
Stlth  +.........               (no amulet)
                                (no ring)
                                e - ring of see invisible

@: sanguine armour
A: talons 1, sanguine armour 1
a: Potion Petition, Call Merchant, Bribe Branch, Renounce Religion


You were on level 6 of the Dungeon.
You worshipped Gozag.
Gozag was aware of your devotion.
You were hungry.

You visited 1 branch of the dungeon, and saw 6 of its levels.

You collected 289 gold pieces.

Inventory:

Hand Weapons
 a - a +3 long sword (weapon)
 l - the +3 fustibalus "Ateenidd" {freeze, rF- rC+ Str+8}
   (You found it on level 4 of the Dungeon)

   It causes projectiles fired from it to freeze those they strike, causing
   extra injury to most foes and up to half again as much damage against
   particularly susceptible opponents.
   They can also slow down cold-blooded creatures.
   It affects your strength (+8).
   It makes you vulnerable to fire.
   It protects you from cold.
Armour
 b - a +0 leather armour (worn)
 c - a +0 helmet (worn)
 g - a +0 buckler (worn)
 j - a +0 cloak (worn)
Jewellery
 e - a ring of see invisible (left hand)
Wands
 n - a wand of iceblast (5/15)
Scrolls
 k - a scroll of identify
Potions
 d - a potion of cure mutation
 h - 2 potions of mutation {unknown}
Comestibles
 f - 3 bread rations


   Skills:
 * Level 3.5 Fighting
 * Level 5.4 Long Blades
 - Level 1.7 Throwing
 * Level 2.6 Armour
 + Level 3.3 Dodging
 + Level 0.4 Stealth
 + Level 0.1 Shields


You had 5 spell levels left.
You didn't know any spells.

Dungeon Overview and Level Annotations

Branches:
Dungeon (7/15)
 Temple: D:4-7

Altars:
Ashenzari
Dithmenos
Gozag
Ru
Yredelemnul

Annotations:
D:3 Sigmund
D:7 Pikel


Innate Abilities, Weirdness & Mutations

You have sharp toenails.
When seriously injured, your bleeding wounds create armour. (AC +6)


Message History

You slash the gnoll sergeant!
You claw the gnoll sergeant, but do no damage.
The gnoll sergeant is severely wounded.
The gnoll sergeant hits you but does no damage.
You hit the gnoll sergeant but do no damage.
You claw the gnoll sergeant, but do no damage.
The gnoll sergeant is severely wounded.
The gnoll sergeant hits you but does no damage.
The gnoll sergeant hits you with a spear.
* * * LOW HITPOINT WARNING * * *
You hit the gnoll sergeant but do no damage.
You claw the gnoll sergeant, but do no damage.
The gnoll sergeant is severely wounded.
The gnoll sergeant hits you but does no damage.
You hit the gnoll sergeant but do no damage.
You claw the gnoll sergeant, but do no damage.
The gnoll sergeant is severely wounded.
The gnoll sergeant hits you with a spear.
You die...
Your body crumbles into a pile of gold.

#####
######.....#
#.@$.......###
##g###$###.....
#..#.....#...
#..#.....#.+
#..........#
#..#.F.>.#.#
#..#..)..#.##..
#..###.###.....
#..............


You could see a gnoll sergeant.

Vanquished Creatures
  A sky beast (D:7)
  2 bullfrogs (D:6)
  An orc priest (D:4)
  Ijyb (D:3)
  4 worker ants
  Robin (D:3)
  A howler monkey skeleton (D:6)
  2 adders
  2 oozes
  2 dart slugs (D:1)
  2 leopard geckos
  7 orcs
  9 bats
  10 giant cockroaches
  11 goblins
  6 hobgoblins
  2 jackals (D:3)
  5 kobolds
  2 ball pythons (D:3)
  4 frilled lizards
  4 rats
79 creatures vanquished.

Notes
Turn   | Place    | Note
-------+----------+-------------------------------------------
     0 | D:1      | Maskull the Demonspawn Gladiator began the quest for the Orb.
     0 | D:1      | Reached XP level 1. HP: 16/16 MP: 1/1
    63 | D:1      | Reached skill level 3 in Long Blades
    94 | D:1      | Gained mutation: You have sharp toenails. [demonic ancestry]
    94 | D:1      | Reached XP level 2. HP: 22/22 MP: 2/2
   399 | D:1      | Reached XP level 3. HP: 26/28 MP: 3/3
   697 | D:2      | Found a shadowy altar of Dithmenos.
  1149 | D:2      | You fall through a shaft!
  1246 | D:3      | Noticed Robin
  1267 | D:3      | Killed Robin
  1267 | D:3      | Reached skill level 1 in Armour
  1267 | D:3      | Reached XP level 4. HP: 29/34 MP: 4/4
  1293 | D:3      | Found a faded altar of an unknown god.
  1293 | D:3      | Found a faded altar of an unknown god.
  1299 | D:3      | Found a shattered altar of Ashenzari.
  1307 | D:3      | Found a faded altar of an unknown god.
  1308 | D:3      | Found a faded altar of an unknown god.
  1314 | D:3      | Became a worshipper of Gozag Ym Sagoz the Greedy
  1420 | D:3      | Found a sacrificial altar of Ru.
  1447 | D:3      | Noticed Sigmund
  1491 | D:3      | Noticed Ijyb
  1513 | D:3      | Killed Ijyb
  1513 | D:3      | Reached skill level 4 in Long Blades
  2044 | D:4      | Found a basalt altar of Yredelemnul.
  2272 | D:4      | Gained mutation: When seriously injured, your bleeding wounds create armour. (AC +6) [demonic ancestry]
  2272 | D:4      | Reached XP level 5. HP: 41/41 MP: 5/5
  2622 | D:4      | Noticed a phantom
  2627 | D:4      | Got a crude fustibalus
  2628 | D:4      | Identified the cursed +3 fustibalus "Ateenidd" {freeze, rF- rC+ Str+8} (You found it on level 4 of the Dungeon)
  2666 | D:4      | You fall through a shaft for 2 floors!
  2871 | D:7      | Noticed a sky beast
  2883 | D:7      | Killed a sky beast
  2883 | D:7      | Reached XP level 6. HP: 25/47 MP: 6/6
  2884 | D:7      | Noticed a slave
  2886 | D:7      | Noticed Pikel
  2912 | D:6      | Reached skill level 5 in Long Blades
  2939 | D:6      | Slain by a gnoll sergeant

Skill      XL: |  1  2  3  4  5  6 |
---------------+-------------------+-----
Long Blades    | 3 4 5 |  5.4
Armour         | 1 2 |  2.6
Dodging        | 3 |  3.3
Fighting       | 3 |  3.5
Throwing       | |  1.7
Stealth        | |  0.4
Shields        | |  0.1

Action                   |  1- 3 |  4- 6 || total
-------------------------+-------+-------++-------
Melee: Long sword        |    97 |   119 ||   216
       Kick              |    20 |    34 ||    54
  Use: Scroll            |     8 |     7 ||    15
       Potion            |       |     2 ||     2
  Eat: Bread ration      |     1 |       ||     1
       Beef jerky        |       |     1 ||     1
Armor: Leather armour    |    37 |    51 ||    88
Dodge: Dodged            |    74 |    91 ||   165
Block: Buckler           |       |    15 ||    15
       Rpst.: Long sword |    26 |    29 ||    55
